 Dungeon Sprint DCSS version 0.27.1-2-g3b301248ec (webtiles) character file.

Game seed: 12078529241435271962

186 boopmooplesden the Covered (level 5, -4/53 HPs)
             Began as a Minotaur Fighter on Sept 23, 2021.
             Slain by a boulder beetle (25 damage)
             ... in the Dungeon (Sprint II: "The Violet Keep of Menkaure").
             The game lasted 00:00:39 (51 turns).

boopmooplesden the Covered (Minotaur Fighter)         Turns: 51, Time: 00:00:40

Health: -4/53      AC:  8    Str: 21    XL:     5   Next: 38%
Magic:  4/4        EV:  8    Int:  5    God:
Gold:   243        SH: 10    Dex: 10    Spells: 4/4 levels left

rFire    . . .     SeeInvis .   a - +0 war axe
rCold    . . .     Faith    .   c - +0 kite shield
rNeg     . . .     Spirit   .   b - +0 scale mail
rPois    .         Reflect  .   (helmet restricted)
rElec    .         Harm     .   (no cloak)
rCorr    .         Rampage  .   (no gloves)
Will     .....     NoTele   +   (no boots)
Stlth    ..........             (no amulet)
HPRegen  0.17/turn              (no ring)
MPRegen  0.09/turn              (no ring)

@: no status effects
A: horns 2, retaliatory headbutt
a: no special abilities


You were in the Dungeon.
You visited 1 branch You collected 243 gold pieces.

Inventory:

Hand Weapons
 a - a +0 war axe (weapon)
Armour
 b - a +0 scale mail (worn)
 c - a +0 kite shield (worn)
Scrolls
 j - a scroll of blinking
Potions
 d - a potion of might
 e - a potion of curing
 f - a potion of heal wounds
 g - a potion of haste
 h - 2 potions of magic
 i - a potion of berserk rage


   Skills:
 + Level 7.8 Fighting
 + Level 6.8 Axes
 + Level 7.8 Armour
 + Level 7.3 Shields


You had 4 spell levels left.
You didn't know any spells.
Your spell library was empty.

Dungeon Overview and Level Annotations

Branches:
Dungeon (1/1)

Altars:

Shops:
D =!=:[([

Annotations:
D Menkaure


Innate Abilities, Weirdness & Mutations

You have a pair of horns on your head.
You reflexively headbutt those who attack you in melee.


Message History

The necrophage is almost destroyed.
The necrophage closely misses you.
You hit the necrophage.
The necrophage is almost destroyed.
The necrophage hits you but does no damage.
Something unseen opens the door.
You block the necrophage's attack.
A boulder beetle comes into view.
Your shield prevents you from hitting the necrophage.
The necrophage is almost destroyed.
Menkaure, Prince of Dust comes into view.
The necrophage closely misses you. You furiously retaliate!
You headbutt the necrophage.
The boulder beetle curls into a ball and begins rolling!
You closely miss the necrophage.
The necrophage is almost destroyed.
Menkaure shouts!
You block the necrophage's attack.
The boulder beetle stops rolling and uncurls.
The necrophage barely misses you.
You hit the necrophage.
You destroy the necrophage!
The necrophage hits you but does no damage.
A boulder beetle comes into view.
Your life force feels restored.
Your Fighting skill increases to level 7!
Your Axes skill increases to level 6!
Your Armour skill increases to level 7!
Your Shields skill increases to level 7!
You have reached level 5!
You hit the necrophage.
The necrophage is moderately damaged.
You block the necrophage's attack.
You closely miss the necrophage.
The necrophage is moderately damaged.
The necrophage hits you but does no damage.
The necrophage barely misses you.
You slash the necrophage!
The necrophage is heavily damaged.
You hit the boulder beetle but do no damage.
The boulder beetle bites you!!
You die...

######≈ .....#≈ #
⌠....#≈ ##. .∩...#≈
.M ..∩..#≈ ### B# #
.∩.∩.#≈##.###'# .##
..∩.∩#≈#...##B##...#
+≈'##.†.<@n#
....∩#≈#†####.##n..#
▓▓▓###≈##.# #+# .##
######≈ ###


l#l # ## .# #. ## ## You could see 2 boulder beetles, 2 necrophages and
Menkaure.

Vanquished Creatures
  2 necrophages (D)
  3 worms (D)
5 creatures vanquished.

Notes
Turn   | Place    | Note
-------+----------+-------------------------------------------
     0 | D        | boopmooplesden the Minotaur Fighter began the quest for the
                  | Orb.
     0 | D        | Reached XP level 1. HP: 19/19 MP: 0/0
    17 | D        | Found Tij Tiown's Armour Shop.
    18 | D        | Found Judghie's Antique Weapon Boutique.
    18 | D        | Found Onadghyo's Book Shop.
    18 | D        | Found Zeutsoan's Antique Armour Shop.
    18 | D        | Found Qaerips's Distillery.
    18 | D        | Found Xotarch's Jewellery Boutique.
    18 | D        | Found Yhypson's Jewellery Shop.
    21 | D        | Reached XP level 2. HP: 22/28 MP: 1/1
    31 | D        | Noticed a wyvern
    31 | D        | Noticed a wyvern
    35 | D        | Noticed a necrophage
    35 | D        | Noticed a necrophage
    35 | D        | Noticed a necrophage
    35 | D        | Noticed a necrophage
    42 | D        | Killed a necrophage
    43 | D        | Reached skill level 5 in Axes
    43 | D        | Reached XP level 3. HP: 14/38 MP: 2/2
    43 | D        | Reached XP level 4. HP: 17/45 MP: 3/3
    46 | D        | Noticed a boulder beetle
    46 | D        | Noticed Menkaure
    48 | D        | Killed a necrophage
    48 | D        | Noticed a boulder beetle
    49 | D        | Reached XP level 5. HP: 20/53 MP: 4/4
    51 | D        | Slain by a boulder beetle

Illustrated notes

Levels and vault maps discovered:
D:        the_violet_keep_of_menkaure [sprint2_stairs_cluster_1,
          sprint2_shoproom, sprint2_temple, sprint2_basic_supplies,
          sprint2_obstacle_5, sprint2_obstacle_3, sprint2_obstacle_2,
          sprint2_obstacle_4, sprint2_obstacle_6, sprint2_timed_cluster_1,
          sprint2_smallroom_cluster_1, sprint2_smallroom_final_cluster_1,
          sprint2_transparent_cluster_1, sprint2_second_timed_cluster_1,
          sprint2_sniper_area_1, sprint2_heavy_combat_area_1,
          sprint2_mutation_trap_area_1, sprint2_forest_area_1,
          sprint2_light_combat_area_1, sprint2_behind_water_1,
          sprint2_near_end_vault_1]

Skill      XL: |  1  2  3  4 |
---------------+-------------+-----
Fighting       | 4 6 7 |  7.8
Armour         | 4 6 7 |  7.8
Shields        | 4 6 7 |  7.3
Axes           | 5 6 |  6.8

Action                   |  1- 3 |  4- 6 || total
-------------------------+-------+-------++-------
Melee: War axe           |    15 |     9 ||    24
       Headbutt          |     5 |       ||     5
Armor: Scale mail        |     4 |     4 ||     8
Dodge: Dodged            |     4 |     4 ||     8
Block: Kite shield       |     2 |     3 ||     5
